 Dungeon Crawl Stone Soup version 0.31-a0-876-gfe8ebadbca (webtiles) character file.

Game seed: 2114960931128640471

672 Pixllover the Chopper (level 7, 0/45 (55) HPs)
             Began as a Vine Stalker Fighter on Oct 13, 2023.
             Slain by Edmund
             ... wielding a +2 flail of draining
              (2 damage)
             ... on level 5 of the Dungeon.
             The game lasted 00:05:50 (3445 turns).

Pixllover the Chopper (Vine Stalker Fighter)        Turns: 3445, Time: 00:05:51

HP:   0/45 (55)     AC: 23    Str: 21    XL:     7   Next: 59%
MP:   0/8           EV:  2    Int:  8    God:
Gold: 276           SH:  5    Dex: 13    Spells: 6/6 levels left

rFire   . . .        a - +0 war axe
rCold   . . .        c - +0 buckler
rNeg    . . .        j - melded +0 chain mail
rPois   +            v - melded +2 hat
rElec   .            b - melded +2 cloak
rCorr   .            (gloves currently unavailable)
SInv    +            (boots currently unavailable)
Will    .....        (no amulet)
Stlth   +            s - ring of see invisible
HPRegen 1.07/turn    (no ring)
MPRegen 0.11/turn

%: guardian spirit
@: tree-form, heavily drained
A: stationary, stasis, torment immunity, boosted hp, (fangs 2), regeneration 1,
magic shield, (antimagic bite), no potion heal 2
a: no special abilities


You were on level 5 of the Dungeon.
You were a tree.
You visited 1 branch of the dungeon, and saw 5 of its levels.

You collected 326 gold pieces.
You spent 50 gold pieces at shops.

Inventory:

Hand Weapons
 a - a +0 war axe (weapon)
Missiles
 m - 5 curare-tipped darts (quivered)
Armour
 b - a +2 cloak (melded)
 c - a +0 buckler (worn)
 j - a +0 chain mail (melded)
 v - a +2 hat (melded)
Jewellery
 s - a ring of see invisible (left branch)
 w - a ring of poison resistance
Wands
 p - a wand of paralysis (10)
Scrolls
 e - a scroll of acquirement
 i - 2 scrolls of identify
 k - 2 scrolls of teleportation
 n - a scroll of noise {unknown}
 o - a scroll of poison {unknown}
 q - a scroll of vulnerability {unknown}
 r - 2 scrolls of immolation {unknown}
 t - a scroll of silence {unknown}
Potions
 d - 2 potions of might
 f - 2 potions of curing
 g - 2 potions of attraction


   Skills:
 + Level 3.9 Fighting
 + Level 5.4 Axes
 + Level 3.9 Armour
 + Level 1.1 Dodging
 + Level 0.7 Stealth
 + Level 3.3 Shields


You had 6 spell levels left.
You didn't know any spells.
Your spell library contained the following spells:

 Spells                   Type           Power      Damage    Failure   Level
 Foxfire                  Conj/Fire      0%         2x1d4     47%         1
 Sandblast                Erth           0%         2d4       47%         1
 Passwall                 Tmut/Erth      0%         N/A       63%         2
 Dazzling Flash           Conj/Hex       0%         N/A       85%         3
 Stone Arrow              Conj/Erth      0%         3d7       85%         3
 Brom's Barrelling Bould  Conj/Erth      0%         2d3       99%         4
 Agony                    Necr           0%         N/A       100%        5
 Silence                  Hex/Air        0%         N/A       100%        5
 Plasma Beam              Fire/Air       0%         2x1d10    100%        6
 Starburst                Conj/Fire      0%         6d3       100%        6


Dungeon Overview and Level Annotations

Branches:
Dungeon (5/15)
 Temple: D:4-7

Altars:
Ashenzari
Nemelex Xobeh

Shops:
D:2 *?(

Annotations:
D:5 Dowan, Duvessa, Edmund, Sigmund


Innate Abilities, Weirdness & Mutations

You are a tree.
Your roots penetrate the ground, keeping you stationary.
You cannot be teleported.
You are immune to unholy pain and torment.
Your maximum health is greatly increased.
Your equipment is partially melded.
((You have extremely sharp teeth.))
Your natural rate of healing is unusually fast.
When hurt, damage is shared between your health and your magic reserves.
((Your bite disrupts and absorbs the magic of your enemies.))
Potions cannot restore your health.


Message History

You hit Dowan. You hit Sigmund.
Edmund hits you with a +2 flail of draining!
* * * LOW HITPOINT WARNING * * *
You feel drained.
* * * LOW HITPOINT WARNING * * *
Duvessa gestures with her weapon.
You block Duvessa's attack. You block Dowan's attack.
Sigmund hits you with a +0 scythe.
* * * LOW HITPOINT WARNING * * *
Edmund closely misses you.
It was a potion of lignification.
You turn into a tree.
Your +2 cloak melds into your body.
Your +2 hat melds into your body.
Your +0 chain mail melds into your body.
Your roots penetrate the ground.
You block Duvessa's attack. Dowan hits you but does no damage.
Sigmund hits you but does no damage.
Edmund hits you with a +2 flail of draining.
* * * LOW HITPOINT WARNING * * *
You feel drained.
* * * LOW HITPOINT WARNING * * *
It was a potion of magic.
Magic courses through your body. Duvessa hits you but does no damage.
Dowan barely misses you. The orc hits you but does no damage.
Edmund hits you but does no damage.
You feel drained.
It was a potion of heal wounds.
That seemed strangely inert.
Duvessa hits you but does no damage. You block Dowan's attack.
The orc hits you but does no damage. Sigmund hits you but does no damage.
Edmund hits you with a +2 flail of draining.
* * * LOW HITPOINT WARNING * * *
You feel drained.
You closely miss Sigmund.
Sigmund is severely wounded.
You hit the orc. You hit Duvessa. You closely miss Dowan.
You barely miss Edmund. Duvessa hits you but does no damage.
You block Dowan's attack. The orc hits you with a +0 hand axe.
Sigmund hits you but does no damage.
Edmund hits you with a +2 flail of draining.
* * * LOW HITPOINT WARNING * * *
You feel drained.
You die...
Edmund whines, "They better pay attention to me now!"

### #<# ...
#.#########..#
#.##....^.$..#
#.##.........###
#.##...........
#.##.........#
#.........o..#
..###.....@♣e..#
#......?...@e..#
#.###.?..).....#
#.........?#
#.#####.##.# #.#
#.# ..# ..# #.#
... #.. #.# ....
#. #.. #..


You could see Edmund, Duvessa, Sigmund (invisible, magic disrupted), Dowan and
an orc.

Vanquished Creatures
  2 kobold brigands (D:3)
  2 scorpions (D:4)
  A hound (D:4)
  An orc priest (D:4)
  Crazy Yiuf (D:4)
  A jelly (D:5)
  A sleepcap (D:4)
  Jessica (D:3)
  Ijyb (D:3)
  An orc wizard (D:3)
  Robin (D:3)
  7 gnolls
  2 adders
  A worm (D:2)
  A dart slug (D:1)
  10 orcs
  6 endoplasms
  A giant cockroach (D:4)
  10 goblins
  10 hobgoblins
  3 jackals (D:4)
  13 kobolds
  2 quokkas (D:4)
  9 ball pythons
  6 bats
  3 frilled lizards
  4 rats
101 creatures vanquished.

Notes
Turn   | Place    | Note
-------+----------+-------------------------------------------
     0 | D:1      | Pixllover the Vine Stalker Fighter began the quest for the
                  | Orb.
     0 | D:1      | Reached XP level 1. HP: 11/11 MP: 2/2
   244 | D:1      | Reached XP level 2. HP: 15/16 MP: 3/3
   299 | D:1      | Found a faded altar of an unknown god.
   299 | D:1      | Noticed a floating eye
   304 | D:1      | Noticed a golden eye
   306 | D:1      | Noticed a golden eye
   306 | D:1      | Noticed a shining eye
   410 | D:1      | Reached skill level 2 in Axes
   626 | D:1      | Reached XP level 3. HP: 20/20 MP: 4/4
   866 | D:2      | Found Maanojol's Assorted Antiques.
  1045 | D:2      | Found a sparkling altar of Nemelex Xobeh.
  1173 | D:2      | Found Folloif's Magic Scroll Shop.
  1188 | D:2      | Found Uggeytusa's Antique Weapon Emporium.
  1213 | D:2      | Bought a scroll of teleportation for 30 gold pieces
  1213 | D:2      | Bought a scroll of identify for 20 gold pieces
  1214 | D:2      | Identified a scroll of acquirement
  1670 | D:3      | Found a broken altar of Ashenzari.
  1689 | D:3      | Reached XP level 4. HP: 24/24 MP: 5/5
  1724 | D:3      | Reached skill level 3 in Axes
  1736 | D:3      | Reached XP level 5. HP: 28/28 MP: 6/6
  1781 | D:3      | Noticed Robin
  1789 | D:3      | Killed Robin
  1936 | D:3      | Noticed Ijyb
  1946 | D:3      | Killed Ijyb
  1977 | D:3      | Noticed a kobold brigand
  1979 | D:3      | Noticed a kobold brigand
  1997 | D:3      | Noticed Jessica
  1999 | D:3      | Killed Jessica
  2119 | D:3      | Killed a kobold brigand
  2120 | D:3      | Reached skill level 4 in Axes
  2120 | D:3      | Reached XP level 6. HP: 23/32 MP: 5/7
  2127 | D:3      | Reached skill level 1 in Dodging
  2703 | D:4      | Reached XP level 7. HP: 4/37 MP: 3/8
  3144 | D:4      | Reached skill level 5 in Axes
  3348 | D:4      | Found a runed translucent door.
  3349 | D:4      | Noticed Crazy Yiuf
  3359 | D:4      | Killed Crazy Yiuf
  3408 | D:5      | Entered Level 5 of the Dungeon
  3421 | D:5      | Noticed Sigmund
  3431 | D:5      | Noticed Duvessa
  3431 | D:5      | Noticed Dowan
  3432 | D:5      | Noticed Edmund
  3445 | D:5      | HP: 2/46 [Edmund/+2 flail of draining (4)]
  3445 | D:5      | Slain by Edmund

Illustrated notes

Levels and vault maps discovered:
D:1:      minmay_arrival_shattered_statue, layout_basic,
          hellmonk_ecumenical_altar_watching_god
D:2:      layout_basic, basic_altar, serial_shops, nicolae_square_shop, shop,
          shop_statue, dk_noncrumbling_2
D:3:      cheibrodos_thug_alley, layout_basic,
          mainiacjoe_overflow_concentric_impassable, uniq_ijyb, uniq_robin,
          uniq_jessica
D:4:      layout_loops_ring, minmay_crystal_room, uniq_crazy_yiuf_cottage
D:5:      layout_basic, uniq_duvessa, uniq_sigmund, uniq_edmund

Skill      XL: |  1  2  3  4  5  6  7 |
---------------+----------------------+-----
Fighting       | 3 |  3.9
Axes           | 2 3 4 5 |  5.4
Shields        | 3 |  3.3
Armour         | 3 |  3.9
Dodging        | 1 |  1.1
Stealth        | |  0.7

Action                     |  1- 3 |  4- 6 |  7- 9 || total
---------------------------+-------+-------+-------++-------
  Melee: War axe           |    85 |   122 |    58 ||   265
         Bite              |    20 |    25 |    13 ||    58
    Use: Scroll            |     4 |       |       ||     4
         Potion            |       |     2 |     3 ||     5
 Armour: Scale mail        |    27 |       |       ||    27
         Chain mail        |    45 |   110 |    42 ||   197
         Skin              |       |       |    14 ||    14
  Dodge: Dodged            |    42 |    46 |    23 ||   111
  Block: Buckler           |    21 |    22 |    20 ||    63

Table legend: (Time is in decaauts)
 A = Elapsed time spent in this place.
 B = Non-inter-level travel time spent in this place.
 C = Inter-level travel time spent in this place.
 D = Time resting spent in this place.
 E = Time spent auto-exploring this place.
 F = Levels seen in this place.
 G = Mean time per level.
                   A        B        C        D        E       F      G
               +--------+--------+--------+--------+--------+-----+--------+
         Total |   3525 |   3439 |     86 |     38 |   2410 |   5 |  705.0 |
       Dungeon |   3525 |   3439 |     86 |     38 |   2410 |   5 |  705.0 |
               +--------+--------+--------+--------+--------+-----+--------+

Top non-repeatable levels by time:
     D:3: 1050 daAuts
     D:4: 911 daAuts
     D:1: 862 daAuts
     D:2: 660 daAuts
     D:5: 39 daAuts
